Map: Frozen Temple

Players

GrumpyCat

  • Race: Zerg Zerg
  • League: Master

Pokebunny - Winner!

  • Race: Terran Terran
  • League: Grandmaster

VOD

Have the link to the VOD?

Description

Time

  • Played on: April 5, 2016, 12:03 a.m.
  • Length: 6:25
Show
View Real Time Build Order
Export as new Build Order

GrumpyCat Zerg 

Build Orders: Hatch First 

Get SALT Encoding   

  12  0:01  Drone  
  13  0:14  Overlord  
  13  0:17  Drone  
  14  0:34  Drone  
  14  0:35  Drone  
  16  0:39  Drone  
  17  0:56  Hatchery  
  16  0:57  Drone  
  16  0:58  Drone  
  18  1:12  Extractor  
  18  1:13  Spawning Pool  
  18  1:15  Drone  
  17  1:19  Drone  
  18  1:29  Drone  
  19  1:40  Overlord  
  19  2:00  Zergling x2  
  19  2:01  Zergling x2, Queen  
  23  2:08  Queen  
  23  2:09  Drone  
  23  2:12  Metabolic Boost  
  26  2:17  Drone  
  27  2:25  Drone x2  
  29  2:34  Drone x2  
  31  2:43  Overlord  
  31  2:44  Queen  
  33  3:04  Drone x4, Hatchery  
  36  3:07  Drone  
  36  3:10  Queen  
  39  3:12  Overlord  
  39  3:16  Drone  
  39  3:19  Drone  
  41  3:23  Drone x2  
  44  3:27  Drone  
  44  3:30  Overlord  
  44  3:33  Drone x2  
  46  3:37  Drone  
  46  3:40  Extractor  
  46  3:41  Roach Warren  
  45  3:46  Overlord  
  45  3:54  Queen  
  47  4:00  Drone x6  
  53  4:05  Drone  
  54  4:10  Evolution Chamber x2  
  54  4:14  Overlord  
  54  4:17  Overlord  
  52  4:25  Lair  
  52  4:32  Drone x3  
  52  4:33  Drone x4  
  59  4:50  Drone  
  59  4:51  Drone x6  
  66  4:54  Drone, Extractor  
  66  4:55  Extractor  
  66  4:56  Drone  
  66  4:58  Roach  
  66  4:59  Roach  
  70  5:05  Roach  
  70  5:06  Roach  
  74  5:14  Roach x2  
  66  5:22  Roach  
  64  5:39  Roach  
  60  5:45  Roach x3, Overlord x3  
  60  5:48  Overlord x2  
  66  5:52  Extractor  
  66  5:56  Roach  
  67  6:05  Drone  
Show
View Real Time Build Order
Export as new Build Order

Pokebunny Terran - Winner!

Build Orders:  

Get SALT Encoding   

  12  0:01  SCV  
  13  0:13  SCV  
  14  0:18  Supply Depot  
  14  0:25  SCV  
  15  0:40  SCV  
  15  0:41  Barracks  
  16  0:45  Refinery  
  16  0:52  SCV  
  17  1:04  SCV  
  18  1:16  SCV  
  20  1:32  Reaper  
  20  1:33  Orbital Command  
  20  1:40  Command Center  
  20  1:52  Barracks  
  20  1:58  SCV  
  21  2:02  Supply Depot  
  21  2:05  Barracks Reactor  
  21  2:10  SCV  
  22  2:17  Barracks  
  22  2:22  SCV  
  23  2:34  SCV  
  24  2:38  Refinery  
  24  2:41  Barracks Tech Lab  
  24  2:42  Marine x2  
  26  2:46  SCV  
  27  2:53  Orbital Command  
  27  2:56  Factory  
  26  3:02  Marine  
  26  3:03  Marine x2  
  29  3:09  Stimpack  
  29  3:12  Marine  
  29  3:16  SCV  
  32  3:20  SCV  
  32  3:22  Marine  
  32  3:23  Marine  
  32  3:26  Marine  
  35  3:31  SCV  
  35  3:32  SCV  
  37  3:36  Marine  
  37  3:37  Supply Depot  
  38  3:42  Starport  
  38  3:44  Factory Reactor  
  38  3:49  SCV x2  
  38  3:50  Marine  
  38  3:52  Marine  
  38  3:54  Marine  
  43  3:59  Supply Depot  
  43  4:03  Marine  
  43  4:08  Marine  
  45  4:10  Marine, SCV x2  
  45  4:12  Marine  
  49  4:23  Marine, SCV x2  
  52  4:25  Supply Depot  
  52  4:26  Marine  
  52  4:27  Medivac  
  52  4:28  Marine  
  52  4:29  Medivac  
  58  4:31  Marine  
  59  4:38  SCV  
  59  4:39  SCV  
  59  4:40  Supply Depot  
  59  4:41  Barracks Reactor  
  59  4:44  Marine  
  62  4:46  Marine  
  62  4:49  Marine  
  64  4:54  SCV x2  
  66  5:03  Command Center  
  66  5:08  Supply Depot  
  66  5:24  Marine x3  
  66  5:25  Marine x2  
  71  5:33  Medivac x2  
  75  5:36  SCV x2  
  75  5:37  Refinery  
  75  5:38  Refinery  
  77  5:48  Marine x3  
  77  5:49  Engineering Bay, Marine x2  
  82  5:50  Engineering Bay  
  82  6:02  Supply Depot  
  82  6:03  SCV  
  82  6:04  Supply Depot, SCV  
  84  6:06  Marine  
Tags
 
Add a new tag
Caveats
  • Supply blocks, unpowered buildings, or Contaminate may cause inaccurate times.
  • Supply counts are checked every 10 seconds.